 Dungeon Crawl Stone Soup version 0.23.2 (webtiles) character file.

Game seed: 11753829310949245980

98 Borgoz the Cutter (level 5, 0/31 HPs)
             Began as a Kobold Gladiator on Apr 9, 2019.
             Slain by an orc wizard
             ... wielding a +0 flail
              (2 damage)
             ... on level 3 of the Dungeon.
             The game lasted 00:01:39 (1998 turns).

Borgoz the Cutter (Kobold Gladiator)                Turns: 1998, Time: 00:01:40

Health: 0/31       AC:  6    Str: 11    XL:     5   Next: 1%
Magic:  5/5        EV: 15    Int: 10    God:
Gold:   159        SH:  0    Dex: 17    Spells: 4/4 levels left

rFire    . . .     SeeInvis .   a - +0 rapier
rCold    . . .     Gourm    .   (shield restricted)
rNeg     . . .     Faith    .   e - +0 ring mail
rPois    .         Spirit   .   c - +0 helmet
rElec    .         Reflect  .   (no cloak)
rCorr    .         Harm     .   (no gloves)
MR       .....                  (no boots)
Stlth    +.........             (no amulet)
HPRegen  0.10/turn              (no ring)
MPRegen  0.09/turn              (no ring)

@: slowed, very slow
A: small, carnivore
a: no special abilities


You were on level 3 of the Dungeon.
You were completely stuffed.

You visited 1 branch of the dungeon, and saw 3 of its levels.

You collected 159 gold pieces.

Inventory:

Hand Weapons
 a - a +0 rapier (weapon)
Missiles
 d - 3 throwing nets (quivered)
Armour
 c - a +0 helmet (worn)
 e - a +0 ring mail (worn)
Scrolls
 b - 2 scrolls of enchant armour {unknown}
 h - 4 scrolls of identify {unknown}
 i - 2 scrolls of remove curse {unknown}
 j - a scroll of random uselessness {unknown}
 k - 2 scrolls of teleportation {unknown}
Potions
 l - a potion of brilliance {unknown}
 m - a potion of haste {unknown}
 n - a potion of mutation {unknown}
Comestibles
 f - 4 rations


   Skills:
 + Level 2.5 Fighting
 + Level 5.6 Short Blades
 + Level 2.3 Throwing
 + Level 1.2 Armour
 + Level 4.2 Dodging
 + Level 0.2 Stealth


You had 4 spell levels left.
You didn't know any spells.
Your spell library was empty.

Dungeon Overview and Level Annotations

Branches:
Dungeon (3/15)

Altars:
Cheibriados
Dithmenos
Sif Muna
Trog


Innate Abilities, Weirdness & Mutations

You are small and have problems with some larger weapons.
You are carnivorous and can eat meat at any time.


Message History

The orc hits you but does no damage.
You hear some strange, mumbled words.
A magic dart appears from out of thin air!
The magic dart hits you!
You hit the orc.
The orc is severely wounded.
The orc hits you.
* * * LOW HITPOINT WARNING * * *
Something hits you.
* * * LOW HITPOINT WARNING * * *
The orc closely misses you.
You feel better.
Something hits you but does no damage. x2
The orc closely misses you.
You miss something. Something hits you.
* * * LOW HITPOINT WARNING * * *
The orc closely misses you. Something hits you!
* * * LOW HITPOINT WARNING * * *
The orc closely misses you.
You hit something but do no damage. Something hits you.
You die...

.....##.# #.....# .....
......#.###.....##....##
......#.........#.......
.._.............#.....#
......#.........#.....#
......#.............>.#
.....##...............#
##.####..........o....#
...........#...)@{....#
...........#.....)......
...........#..........##
...........#.$..........
...........#..........##
...........#............
รท..........####........#
.#####....)# #........#
.# #.....#


You could see an orc.

Vanquished Creatures
  An orc wizard (D:3)
  4 adders
  A leopard gecko (D:1)
  An orc (D:3)
  A ball python (D:1)
  6 goblins
  5 hobgoblins
  5 kobolds
  3 bats
  4 frilled lizards
  4 rats
35 creatures vanquished.

Notes
Turn   | Place    | Note
-------+----------+-------------------------------------------
     0 | D:1      | Borgoz the Kobold Gladiator began the quest for the Orb.
     0 | D:1      | Reached XP level 1. HP: 12/12 MP: 1/1
   104 | D:1      | Reached XP level 2. HP: 12/17 MP: 2/2
   180 | D:1      | Found a snail-covered altar of Cheibriados.
   753 | D:2      | Reached XP level 3. HP: 20/21 MP: 3/3
   767 | D:2      | Reached skill level 5 in Short Blades
  1597 | D:2      | Found a deep blue altar of Sif Muna.
  1675 | D:3      | Found a bloodstained altar of Trog.
  1735 | D:3      | Reached XP level 4. HP: 27/27 MP: 4/4
  1748 | D:3      | Reached skill level 1 in Armour
  1927 | D:3      | Found a shadowy altar of Dithmenos.
  1991 | D:3      | Reached XP level 5. HP: 23/31 MP: 5/5
  1997 | D:3      | HP: 1/31 [something (8)]
  1998 | D:3      | Slain by an orc wizard

Skill      XL: |  1  2  3  4 |
---------------+-------------+-----
Dodging        | 4 |  4.2
Short Blades   | 5 |  5.6
Armour         | 1 |  1.2
Fighting       | |  2.5
Throwing       | |  2.3
Stealth        | |  0.2

Action                   |  1- 3 |  4- 6 || total
-------------------------+-------+-------++-------
Melee: Rapier            |   111 |    32 ||   143
  Use: Potion            |       |     3 ||     3
  Eat: Chunk             |     9 |     3 ||    12
Armor: Ring mail         |    26 |    11 ||    37
Dodge: Dodged            |    93 |    34 ||   127
